 Dungeon Crawl Stone Soup version 0.23.2-40-g277498a001 (webtiles) character file.

Game seed: 7533875948826323494

160028 DildoBatman the Reanimator (level 18, -6/134 HPs)
             Began as a Formicid Wizard on Aug 22, 2019.
             Was an Initiate of Gozag.
             Killed from afar by an Ice Fiend (10 damage)
             ... with a bolt of cold
             ... in an ice cave on Aug 25, 2019.
             The game lasted 02:31:51 (27135 turns).

DildoBatman the Reanimator (Formicid Wizard)       Turns: 27135, Time: 02:31:52

Health: -6/134     AC:  8    Str: 18    XL:     18   Next: 38%
Magic:  12/34      EV: 22    Int: 27    God:    Gozag
Gold:   3756       SH: 12    Dex: 17    Spells: 13/41 levels left

rFire    + . .     SeeInvis +   a - +9 demon trident (freeze)
rCold    + + +     Gourm    .   N - +0 shield
rNeg     . . .     Faith    .   y - +2 robe {MR+}
rPois    +         Spirit   .   (helmet unavailable)
rElec    +         Reflect  .   g - +0 cloak {rC+}
rCorr    +         Harm     .   (no gloves)
MR       ++...                  e - +1 pair of boots of Agoraphobia {Dex+3}
Stlth    ++++......             m - amulet of magic regeneration
HPRegen  1.32/turn              b - +2 ring of intelligence
MPRegen  0.49/turn              V - ring of protection from cold

@: mighty, agile, resistant, flying, regenerating
A: permanent stasis, dig shafts and tunnels, four strong arms, antennae 3
a: Dig, Shaft Self, Potion Petition, Call Merchant, Bribe Branch, Renounce
Religion


You were in an ice cave.
You worshipped Gozag.
Gozag was most pleased with you.
You were full.

You visited 5 branches of the dungeon, and saw 27 of its levels.
You also visited: Ice Cave and Volcano.

You collected 6244 gold pieces.
You spent 1757 gold pieces at shops.
You paid 731 gold pieces to Gozag.

Inventory:

Hand Weapons
 a - a +9 demon trident of freezing (weapon)
 d - a +2 halberd of flaming
Missiles
 Z - 5 javelins of penetration (quivered)
Armour
 e - the +1 pair of boots of Agoraphobia (worn) {Dex+3}
   (You found it in an ice cave)

   It affects your dexterity (+3).
 g - a +0 cloak of cold resistance (worn)
 y - a +2 robe of magic resistance (worn)
 N - a +0 shield (worn)
 T - a +2 cloak
Magical Staves
 A - an uncursed staff of air
Jewellery
 b - a +2 ring of intelligence (left hand)
 i - an uncursed ring of positive energy
 m - an amulet of magic regeneration (around neck)
 V - a ring of protection from cold (right hand)
Wands
 p - a wand of paralysis (13)
 M - a wand of acid (13)
 Q - a wand of iceblast (9)
 W - a wand of disintegration (25)
 Y - a wand of scattershot (1)
Scrolls
 f - 6 scrolls of fog
 j - 2 scrolls of magic mapping {unknown}
 o - 2 scrolls of brand weapon {unknown}
 w - 3 scrolls of enchant weapon
 x - 14 scrolls of remove curse
 z - a scroll of identify
 D - 2 scrolls of vulnerability {unknown}
 G - 5 scrolls of fear
 H - 2 scrolls of immolation {unknown}
 I - 5 scrolls of enchant armour {unknown}
 P - 6 scrolls of random uselessness {unknown}
 X - 3 scrolls of amnesia
Potions
 c - 3 potions of agility
 q - 7 potions of might
 r - 3 potions of flight
 s - 6 potions of cancellation
 t - 3 potions of curing
 B - a potion of brilliance
 K - a potion of resistance
 L - 2 potions of invisibility
 O - a potion of ambrosia
 S - 2 potions of mutation
Miscellaneous
 C - a box of beasts
Comestibles
 v - 31 rations


   Skills:
 - Level 10.0 Fighting
 - Level 5.0 Polearms
 - Level 9.0 Armour
 - Level 7.0 Dodging
 - Level 6.0 Stealth
 - Level 9.0 Shields
 - Level 12.0 Spellcasting
 - Level 6.0 Conjurations
 - Level 6.0 Hexes
 - Level 6.0 Charms
   Level 1.0 Summonings
 * Level 13.2 Necromancy
   Level 0.8 Translocations
 - Level 4.0 Fire Magic
 - Level 6.0 Ice Magic
 - Level 4.0 Air Magic
 - Level 12.0 Earth Magic
 - Level 8.0 Poison Magic
 - Level 6.0 Evocations


You had 13 spell levels left.
You knew the following spells:

 Your Spells              Type           Power        Failure   Level  Hunger
a - Conjure Flame         Conj/Fire      #####...     1%          3    None
b - Borgnjor's Vile Clut  Necr/Erth      ######....   1%          5    ###....
c - Spectral Weapon       Hex/Chrm       #####...     1%          3    None
d - Regeneration          Chrm/Necr      ######....   1%          3    None
e - Mephitic Cloud        Conj/Pois/Air  #####...     1%          3    None
f - Magic Dart            Conj           ####         1%          1    None
h - Dispel Undead         Necr           ######..     1%          5    ###....
i - Ozocubu's Armour      Chrm/Ice       #####...     1%          3    None
z - Sublimation of Blood  Necr           ######....   1%          2    None

Your spell library contained the following spells:

 Spells                   Type           Power        Failure   Level  Hunger
 Pain                     Necr           ####         0%          1    None
 Corona                   Hex            #####..      1%          1    None
 Freeze                   Ice            ####         1%          1    None
 Infusion                 Chrm           ####         1%          1    None
 Sandblast                Erth           ######       1%          1    None
 Corpse Rot               Necr           N/A          1%          2    None
 Ensorcelled Hibernation  Hex/Ice        #####.       1%          2    None
 Passwall                 Tmut/Erth      #####...     1%          2    None
 Shroud of Golubria       Chrm/Tloc      ####......   1%          2    None
 Slow                     Hex            #####...     1%          2    None
 Song of Slaying          Chrm           #####...     1%          2    None
 Throw Frost              Conj/Ice       #####.       1%          2    None
 Confuse                  Hex            #####...     1%          3    None
 Dazzling Spray           Conj/Hex       #####.       1%          3    None
 Stone Arrow              Conj/Erth      ######       1%          3    None
 Tukima's Dance           Hex            #####...     1%          3    None
 Animate Dead             Necr           N/A          1%          4    None
 Agony                    Necr           ######..     1%          5    ###....
 Bolt of Draining         Conj/Necr      ######....   1%          5    ###....
 Lee's Rapid Deconstruct  Erth           ######....   1%          5    ###....
 Death Channel            Necr           ######....   2%          6    #####..
 Call Imp                 Summ           ###.....     3%          2    None
 Petrify                  Tmut/Erth      #####...     3%          4    None
 Throw Icicle             Conj/Ice       #####...     3%          4    None
 Recall                   Summ/Tloc      N/A          7%          3    None
 Summon Ice Beast         Ice/Summ       #####...     9%          4    None
 Simulacrum               Ice/Necr       ######....   11%         6    #####..
 Silence                  Hex/Air        #####.....   12%         5    ###....
 Darkness                 Hex            #####.....   41%         6    #####..
 Borgnjor's Revivificati  Necr           ######....   71%         8    #######
 Infestation              Necr           ######....   71%         8    #######
 Haunt                    Necr/Summ      ######....   85%         7    ######.
 Shadow Creatures         Summ           N/A          98%         6    #####..
 Death's Door             Chrm/Necr      ######....   99%         8    #######
 Necromutation            Tmut/Necr      ######....   100%        8    #######
 Blink                    Tloc           Unusable     N/A         2    N/A

Dungeon Overview and Level Annotations

Branches:
Dungeon (15/15)            Temple (1/1) D:4            Lair (6/6) D:10
  Swamp (0/4) Lair:2       Spider (3/4) Lair:4        Slime (0/5) Lair:6
    Orc (2/2) D:9             Elf (0/3) Orc:2        Vaults (0/5) D:14
 Depths (0/5) D:15

Altars:
Ashenzari
Cheibriados
Dithmenos
Elyvilon
Fedhas
Gozag
Hepliaklqana
Kikubaaqudgha
Makhleb
Nemelex Xobeh
Okawaru
Qazlal
Ru
Sif Muna
Trog
Uskayaw
Vehumet
Wu Jian
Xom
Yredelemnul
Zin
The Shining One
Beogh

Shops:
D:9 ([   D:15 [   Orc:2 :[:*(

Annotations:
Spider:3 Aizul


Innate Abilities, Weirdness & Mutations

You cannot be hasted, slowed, berserked, paralysed or teleported.
You can dig through walls and to a lower floor.
Your four strong arms can wield two-handed weapons with a shield.
You have a pair of large antennae on your head. (SInv)


Message History

You feel protected.
You feel very mighty all of a sudden.
The zombie hands constrict the Ice Fiend!
You block the Ice Fiend's attack. The Ice Fiend claws you!!
The Ice Fiend freezes you!
You resist. [a] - 360 gold - resistance, might and agility [b] - 570 gold - brilliance, flight, agility and invisibility [c] - 168 gold - agility and flight Purchase which effect?
You feel agile all of a sudden.
You feel very buoyant.
You fly up into the air.
The zombie hands constrict the Ice Fiend!!
The Ice Fiend gestures at you. The bolt of cold hits you! You resist.
You die...
Your body crumbles into a pile of gold.

#..##...##.§.§§§##§# §##
##..#..[.##.§§☼###○§#§☼§#
#..##....###.§§#..§°§§§§#
#..#....## #...#.§.§°§§§§
#..##...## #...#.☼.####§§
#...###..# #.......1..§.
##..##...# #..#...§§☼.§°
#.......# ##.##.§#☼#°§#
##...#..# #.@#.##≈#○§#
##..#..## #.(1.# °# §.
####...# ##..## ##..#
#... #...## ##... ##...#
≈#.... ##..##○##...#
##....#§§##### ##...§☼°#


You could see an Ice Fiend and a friendly spectral +9 demon trident of freezing.

Vanquished Creatures
  An Ice Fiend (IceCv)
  Rupert (Lair:4)
  Jorgrun (Orc:1)
  Kirke (Lair:6)
  Donald (Spider:2)
  An emperor scorpion (Spider:3)
  An orc warlord (Orc:2)
  A ghost moth (Spider:2)
  A stone giant (Orc:2)
  5 entropy weavers
  The ghost of Dexcius the Severer, a journeyman MiBe of Trog (Lair:4)
  Erolcha (D:12)
  Fannar (Lair:3)
  A yaktaur captain (D:15)
  A vault guard (D:14)
  An ice dragon (Spider:3)
  5 hydras
  A centaur warrior (D:15)
  A merfolk avatar (Lair:6)
  Erica (D:11)
  A death knight (D:15)
  A queen ant (Spider:1)
  4 two-headed ogres
  2 death yaks (Lair:2)
  Sonja (Lair:1)
  2 orc high priests
  Urug (D:12)
  6 skeletal warriors
  A fire crab (shapeshifter) (D:15)
  2 unseen horrors
  Pikel (D:8)
  A phantasmal warrior (D:15)
  5 orc knights
  An anaconda skeleton (Volcano)
  17 wolf spiders
  A deep elf mage (D:15)
  2 wolf spider zombies (D:15)
  4 orc sorcerers
  9 orb spiders
  2 moths of wrath
  13 ugly things
  6 cyclopes
  3 manticores
  2 ice statues (IceCv)
  An elephant (Lair:6)
  Maurice (D:8)
  4 black mambas
  9 spiny frogs
  3 gargoyles (Volcano)
  5 demonic crawlers
  A torpor snail (Lair:2)
  A yaktaur (D:15)
  2 efreet
  6 rime drakes (Lair:6)
  A death yak zombie (Lair:6)
  A freezing wraith (D:15)
  A yaktaur zombie (D:12)
  10 komodo dragons
  2 tengu conjurers (D:15)
  12 ice devils (IceCv)
  A harpy zombie (D:13)
  23 jumping spiders
  5 hydra skeletons
  2 wind drakes (Lair:6)
  3 polar bears
  7 hornets
  A death yak skeleton (Lair:1)
  8 slime creatures
  6 trolls
  9 hippogriffs
  A harpy skeleton (Volcano)
  7 blink frogs
  3 flying skulls (Volcano)
  An alligator skeleton (Volcano)
  7 hogs (Lair:6)
  12 tarantellas
  Sigmund (D:2)
  Grum (Lair:1)
  42 redbacks
  A shadow (D:15)
  23 yaks
  5 wyverns
  3 hungry ghosts
  5 black mamba skeletons
  5 basilisks
  A steam dragon (Lair:5)
  6 vampire mosquitoes
  5 wargs
  2 spiny frog zombies
  5 soldier ants
  5 porcupines
  10 water moccasins
  4 slaves (D:8)
  4 spiny frog skeletons
  3 ice beasts
  2 eyes of draining
  4 phantoms
  2 blink frog zombies (Lair:1)
  2 necrophages
  33 orc warriors
  3 dream sheep skeletons
  5 sky beasts
  16 ogres
  5 wolves
  9 centaurs
  3 big kobolds
  9 crocodiles
  A rime drake zombie (Lair:4)
  Blork the orc (Orc:2)
  A rime drake skeleton (Lair:6)
  A komodo dragon zombie (Lair:6)
  2 water moccasin zombies
  18 bullfrogs
  A cyclops zombie (D:14)
  5 scorpions
  5 komodo dragon skeletons
  3 water moccasin skeletons
  3 killer bees (D:7)
  3 howler monkeys
  14 wights
  5 electric eels
  8 centaur zombies
  8 jellies
  A yak skeleton (Lair:4)
  8 crimson imps
  A quasit (D:7)
  A bullfrog zombie (D:12)
  10 hounds
  17 orc wizards
  4 bullfrog skeletons
  12 orc priests
  3 centaur skeletons
  An iron imp (D:9)
  3 iguanas
  A black bear skeleton (Lair:4)
  A porcupine zombie (Lair:6)
  A statue (D:8)
  30 worker ants
  2 porcupine skeletons
  A crocodile zombie (Lair:4)
  3 crocodile skeletons
  2 naga skeletons (Volcano)
  4 worker ant zombies
  10 adders
  10 gnolls
  10 shadow imps
  5 white imps
  9 ufetubi (IceCv)
  3 oozes
  3 worms
  A dart slug (D:2)
  8 leopard geckos
  75 orcs
  2 ball pythons
  6 giant cockroaches
  7 goblins
  4 hobgoblins
  14 jackals
  5 quokkas
  8 bats
  5 frilled lizards
  A hobgoblin zombie (D:13)
  13 kobolds
  A leopard gecko zombie (D:14)
  An orc zombie (D:13)
  A quokka skeleton (D:5)
  6 rats
  A fungus (Lair:6)
  A plant (Lair:6)
  A spectral weapon (Spider:1)
892 creatures vanquished.

Vanquished Creatures (collateral kills)
  A redback (Spider:3)
1 creature vanquished.

Vanquished Creatures (others)
  A spiny frog (Lair:1)
  A blink frog (Lair:6)
  An electric eel (Lair:1)
  4 white imps (IceCv)
  2 ufetubi (IceCv)
  A fungus (Lair:4)
  5 plants (Lair:6)
  24 spectral weapons
39 creatures vanquished.

Grand Total: 932 creatures vanquished

Notes
Turn   | Place    | Note
-------+----------+-------------------------------------------
     0 | D:1      | DildoBatman the Formicid Wizard began the quest for the
                  | Orb.
     0 | D:1      | Reached XP level 1. HP: 13/13 MP: 4/4
     1 | D:1      | Reached skill level 1 in Conjurations
   166 | D:1      | Reached XP level 2. HP: 9/19 MP: 3/6
   613 | D:1      | Reached XP level 3. HP: 20/24 MP: 0/7
   684 | D:1      | Learned a level 3 spell: Conjure Flame
   688 | D:1      | Learned a level 3 spell: Mephitic Cloud
   906 | D:2      | Reached skill level 1 in Shields
  1266 | D:2      | Reached XP level 4. HP: 25/30 MP: 0/8
  1279 | D:2      | Found a glowing silver altar of Zin.
  1433 | D:2      | Found a faded altar of an unknown god.
  1505 | D:2      | Noticed Sigmund
  2082 | D:3      | Found a stormy altar of Qazlal.
  2463 | D:3      | Reached XP level 5. HP: 17/35 MP: 3/9
  2629 | D:3      | Found a white marble altar of Elyvilon.
  2792 | D:4      | Noticed an ogre
  2956 | D:4      | Noticed a phantom
  3123 | D:4      | Killed an ogre
  3123 | D:4      | Reached XP level 6. HP: 13/41 MP: 6/10
  3192 | D:4      | Found a staircase to the Ecumenical Temple.
  3208 | Temple   | Entered the Ecumenical Temple
  3270 | Temple   | Became a worshipper of Kikubaaqudgha
  3490 | D:3      | Killed a phantom
  3490 | D:3      | Reached skill level 1 in Fire Magic
  3490 | D:3      | Reached skill level 1 in Poison Magic
  3609 | D:2      | Killed Sigmund
  3609 | D:2      | Reached skill level 1 in Air Magic
  3609 | D:2      | Reached XP level 7. HP: 46/46 MP: 4/11
  3717 | D:5      | Entered Level 5 of the Dungeon
  3745 | D:5      | Reached skill level 5 in Conjurations
  3976 | D:5      | Reached XP level 8. HP: 52/52 MP: 8/12
  3979 | D:5      | Found an iron altar of Okawaru.
  4331 | D:6      | Found a hazy altar of Hepliaklqana.
  4413 | D:6      | Found a blossoming altar of Fedhas.
  4655 | D:6      | Found an opulent altar of Gozag.
  4859 | D:6      | Reached skill level 5 in Poison Magic
  5131 | D:6      | Reached XP level 9. HP: 43/57 MP: 9/13
  5618 | D:7      | Found a shattered altar of Ashenzari.
  5777 | D:7      | Reached * piety under Kikubaaqudgha
  5777 | D:7      | Identified Kikubaaqudgha's Compendium of Necromancy
                  | (Kikubaaqudgha gifted it to you on level 7 of the Dungeon)
  5777 | D:7      | Received a gift from Kikubaaqudgha
  5783 | D:7      | Learned a level 3 spell: Regeneration
  5786 | D:7      | Learned a level 2 spell: Sublimation of Blood
  5878 | D:7      | Reached skill level 1 in Charms
  5878 | D:7      | Reached skill level 1 in Necromancy
  5922 | D:7      | Found a shadowy altar of Dithmenos.
  6218 | D:7      | Got a brightly glowing cloak
  6279 | D:7      | Found a shimmering altar of Xom.
  6329 | D:7      | Identified the +0 cloak "Pacvy" {+Blink Dex+4} (You found
                  | it on level 7 of the Dungeon)
  6366 | D:8      | Noticed Maurice
  6397 | D:8      | Killed Maurice
  6397 | D:8      | Reached skill level 2 in Necromancy
  6428 | D:8      | Found a radiant altar of Vehumet.
  6599 | D:8      | Reached skill level 3 in Necromancy
  6632 | D:8      | Found an ornate altar of the Wu Jian Council.
  6632 | D:8      | Noticed a two-headed ogre
  6662 | D:8      | Killed a two-headed ogre
  6662 | D:8      | Reached skill level 4 in Necromancy
  6662 | D:8      | Reached XP level 10. HP: 63/63 MP: 2/14
  6699 | D:8      | Reached skill level 5 in Necromancy
  6838 | D:8      | Reached skill level 6 in Necromancy
  7062 | D:8      | Noticed Pikel
  7118 | D:8      | Killed Pikel
  7528 | D:9      | Found a sparkling altar of Nemelex Xobeh.
  7537 | D:9      | Reached ** piety under Kikubaaqudgha
  7570 | D:9      | Reached skill level 7 in Necromancy
  7649 | D:9      | Reached skill level 5 in Spellcasting
  7705 | D:9      | Found Ylav's Weapon Shoppe.
  7738 | D:9      | Found a staircase to the Orcish Mines.
  7739 | D:9      | Found Laolam's Armour Shoppe.
  8000 | D:9      | Reached skill level 8 in Necromancy
  8000 | D:9      | Reached XP level 11. HP: 58/68 MP: 16/18
  8090 | D:9      | Reached skill level 1 in Fighting
  8144 | D:9      | Reached skill level 1 in Armour
  8144 | D:9      | Reached skill level 1 in Evocations
  8227 | D:9      | Reached *** piety under Kikubaaqudgha
  8227 | D:9      | Identified Kikubaaqudgha's Tome of Dark Rites
                  | (Kikubaaqudgha gifted it to you on level 9 of the Dungeon)
  8227 | D:9      | Received a gift from Kikubaaqudgha
  8291 | D:9      | Learned a level 5 spell: Dispel Undead
  8654 | D:9      | Found a snail-covered altar of Cheibriados.
  8677 | Orc:1    | Entered Level 1 of the Orcish Mines
  8677 | Orc:1    | Noticed an orc high priest
  8691 | D:9      | HP: 2/72 [warg[an orc high priest] (17)]
  8712 | D:10     | Entered Level 10 of the Dungeon
  8756 | D:10     | You fall through a shaft!
  8952 | D:11     | Noticed a purple ugly thing
  8998 | D:11     | Killed a purple ugly thing
  9105 | D:11     | Learned a level 5 spell: Borgnjor's Vile Clutch
  9184 | D:11     | Reached skill level 1 in Earth Magic
  9378 | D:11     | Noticed Erica
  9385 | D:11     | Killed Erica
  9719 | D:11     | Reached skill level 5 in Earth Magic
  9779 | D:10     | Reached **** piety under Kikubaaqudgha
 10394 | D:10     | Reached XP level 12. HP: 69/80 MP: 20/20
 10441 | D:10     | Found a staircase to the Lair.
 10682 | Orc:1    | Noticed a soul eater
 10685 | Orc:1    | Reached skill level 1 in Polearms
 10687 | Orc:1    | Killed an orc high priest
 10697 | Orc:1    | Reached ***** piety under Kikubaaqudgha
 10838 | Orc:1    | Noticed Jorgrun
 11023 | Orc:2    | Entered Level 2 of the Orcish Mines
 11039 | Orc:2    | Found a dark tunnel.
 11088 | Orc:1    | Killed Jorgrun
 11250 | Volcano  | Entered a volcano
 11323 | Volcano  | Reached skill level 5 in Stealth
 11388 | Volcano  | Learned a level 2 spell: Sublimation of Blood
 11432 | Volcano  | Reached skill level 5 in Shields
 11507 | Volcano  | Noticed a skeletal warrior
 11529 | Volcano  | Killed a skeletal warrior
 11628 | Volcano  | Noticed a skeletal warrior
 11651 | Volcano  | Killed a skeletal warrior
 11877 | Orc:2    | Reached XP level 13. HP: 89/89 MP: 22/24
 11931 | Orc:2    | Found Boegeg's Book Shoppe.
 12047 | Orc:2    | Noticed a stone giant
 12080 | Orc:2    | Killed a stone giant
 12137 | Orc:2    | Reached skill level 5 in Armour
 12141 | Orc:2    | Reached skill level 5 in Fighting
 12141 | Orc:2    | Reached skill level 5 in Evocations
 12242 | Orc:2    | Noticed Blork the orc
 12253 | Orc:2    | Killed Blork the orc
 12288 | Orc:2    | Noticed an orc warlord
 12522 | Orc:2    | Killed an orc warlord
 12560 | Orc:2    | Found a staircase to the Elven Halls.
 12659 | Orc:2    | Found a roughly hewn altar of Beogh.
 12691 | Orc:2    | Found Upsiet Qazxo's General Store.
 12694 | Orc:2    | Found Metherog's Antique Armour Shoppe.
 12700 | Orc:2    | Found Kykocee's Book Shoppe.
 12708 | Orc:2    | Found Soif Pucw's Antique Weapon Shoppe.
 13284 | D:12     | Noticed Urug
 13292 | D:12     | Killed Urug
 13397 | D:12     | Reached skill level 5 in Dodging
 13451 | D:12     | Noticed Erolcha
 13466 | D:12     | Killed Erolcha
 13585 | D:12     | Reached ****** piety under Kikubaaqudgha
 13649 | D:11     | Received a gift from Kikubaaqudgha
 13773 | D:6      | Fell from the grace of Kikubaaqudgha
 13773 | D:6      | Became a worshipper of Gozag Ym Sagoz the Greedy
 13862 | Lair:1   | Entered Level 1 of the Lair of Beasts
 13869 | Lair:1   | Noticed Sonja
 13886 | Lair:1   | Killed Sonja
 14047 | Lair:1   | Noticed Grum
 14061 | Lair:1   | Killed Grum
 14238 | Lair:1   | Reached XP level 14. HP: 91/103 MP: 23/26
 15271 | Lair:2   | Found a staircase to the Swamp.
 15850 | Lair:3   | Noticed a reaper
 16137 | Lair:3   | Noticed Fannar
 16156 | Lair:3   | Killed Fannar
 16605 | Orc:2    | Bought a scroll of enchant weapon for 75 gold pieces
 16605 | Orc:2    | Bought a scroll of enchant weapon for 75 gold pieces
 16605 | Orc:2    | Bought a potion of lignification for 30 gold pieces
 16621 | Orc:2    | Bought a crude great mace for 333 gold pieces
 16622 | Orc:2    | Identified the cursed +1 great mace of Kismet {protect,
                  | Dex+5} (You bought it in a shop on level 2 of the Orcish
                  | Mines)
 16673 | Orc:2    | Bought a book of Battle for 520 gold pieces
 16677 | Orc:2    | Learned a level 3 spell: Spectral Weapon
 16677 | Orc:2    | Bought a book of Frost for 455 gold pieces
 16681 | Orc:2    | Learned a level 3 spell: Ozocubu's Armour
 16858 | Lair:4   | Noticed Rupert
 16867 | Lair:4   | Killed Rupert
 16867 | Lair:4   | Reached skill level 1 in Hexes
 16867 | Lair:4   | Reached skill level 1 in Ice Magic
 16989 | Lair:4   | Found a runed translucent door.
 17016 | Lair:4   | Found a hole to the Spider Nest.
 17233 | Lair:4   | Reached skill level 5 in Charms
 17297 | Lair:4   | Noticed Dexcius's ghost (journeyman MiBe)
 17513 | Lair:4   | Killed Dexcius's ghost
 17924 | Lair:5   | Got a bone quarterstaff
 18198 | Lair:6   | Entered Level 6 of the Lair of Beasts
 18291 | Lair:6   | Noticed a reaper
 18441 | Lair:6   | Noticed Kirke
 18470 | Lair:6   | Killed Kirke
 18613 | Lair:6   | Found a staircase to the Slime Pits.
 18798 | Lair:6   | Reached XP level 15. HP: 88/113 MP: 8/27
 19115 | Lair:6   | Reached skill level 5 in Polearms
 19611 | Lair:6   | Identified the +9 quarterstaff of Qudweakh {flame, Int+2}
                  | (You found it on level 5 of the Lair of Beasts)
 20541 | D:14     | Reached skill level 5 in Hexes
 20629 | D:14     | Reached skill level 10 in Fighting
 20833 | D:14     | Reached skill level 5 in Ice Magic
 21077 | D:14     | Found a glowing golden altar of the Shining One.
 21174 | D:14     | Found a gate to the Vaults.
 21182 | D:14     | Was forgiven by Kikubaaqudgha
 21527 | D:13     | You fall through a shaft!
 21715 | D:13     | You fall through a shaft!
 22026 | D:15     | Entered Level 15 of the Dungeon
 22183 | D:15     | Found Iraracyv's Antique Armour Shoppe.
 22195 | D:15     | Bought a dyed leather armour for 155 gold pieces
 22195 | D:15     | Bought a glowing robe for 114 gold pieces
 22317 | D:15     | Reached skill level 9 in Necromancy
 22358 | D:15     | Reached XP level 16. HP: 87/122 MP: 18/28
 22679 | D:15     | Found a staircase to the Depths.
 22686 | D:15     | Reached skill level 10 in Necromancy
 22686 | D:15     | Reached skill level 10 in Earth Magic
 22686 | D:15     | Reached XP level 17. HP: 128/128 MP: 30/30
 23034 | D:15     | Reached skill level 10 in Spellcasting
 24001 | Spider:1 | Entered Level 1 of the Spider Nest
 24754 | Spider:2 | Reached skill level 11 in Necromancy
 25468 | Spider:2 | Noticed Donald
 25479 | Spider:2 | Killed Donald
 25586 | Spider:2 | Reached XP level 18. HP: 134/134 MP: 25/33
 26370 | Spider:3 | Noticed Aizul
 26419 | Spider:3 | Reached skill level 12 in Necromancy
 26532 | Spider:3 | Found a frozen archway.
 26597 | IceCv    | Entered an ice cave
 26852 | IceCv    | Got a pair of spiked boots
 26876 | IceCv    | Identified the +1 pair of boots of Agoraphobia {Dex+3} (You
                  | found it in an ice cave)
 27042 | IceCv    | Reached skill level 13 in Necromancy
 27108 | IceCv    | Noticed an Ice Fiend
 27122 | IceCv    | Killed an Ice Fiend
 27126 | IceCv    | Noticed an Ice Fiend
 27134 | IceCv    | HP: 3/134 [Ice Fiend (10)]
 27135 | IceCv    | Killed from afar by an Ice Fiend

Skill      XL: |  1  2  3  4  5  6  7  8  9 10 11 12 13 14 15 16 17 18 |
---------------+-------------------------------------------------------+-----
Conjurations   | 1 2 3 4 5 6 |  6.0
Shields        | 2 3 5 9 |  9.0
Fire Magic     | 1 2 4 |  4.0
Poison Magic   | 2 3 5 8 |  8.0
Air Magic      | 1 2 3 4 |  4.0
Charms         | 4 5 6 |  6.0
Necromancy     | 4 8 9 10 11 13 | 13.2
Spellcasting   | 5 7 8 9 11 12 | 12.0
Dodging        | 2 3 5 7 |  7.0
Fighting       | 2 4 7 9 10 | 10.0
Armour         | 2 4 7 9 |  9.0
Evocations     | 2 4 6 |  6.0
Stealth        | 4 5 6 |  6.0
Earth Magic    | 8 9 10 12 | 12.0
Polearms       | 4 5 |  5.0
Hexes          | 2 6 |  6.0
Ice Magic      | 2 6 |  6.0
Summonings     | |  1.0
Translocations | |  0.8

Action                   |  1- 3 |  4- 6 |  7- 9 | 10-12 | 13-15 | 16-18 || total
-------------------------+-------+-------+-------+-------+-------+-------++-------
Melee: Club              |     5 |       |       |       |       |       ||     5
       Short sword       |     9 |       |       |   116 |       |       ||   125
       Dagger            |       |    27 |   132 |       |       |       ||   159
       Falchion          |       |       |    15 |    62 |       |       ||    77
       Flail             |       |       |       |     3 |       |       ||     3
       Scimitar          |       |       |       |    55 |       |       ||    55
       Halberd           |       |       |       |    84 |    66 |       ||   150
       Demon trident     |       |       |       |       |   645 |   367 ||  1012
 Cast: Magic Dart        |    65 |   122 |   193 |   237 |     5 |       ||   622
       Mephitic Cloud    |       |     5 |    21 |    66 |    87 |    66 ||   245
       Conjure Flame     |       |     2 |    19 |    45 |    45 |    23 ||   134
       Regeneration      |       |       |       |    68 |    91 |    50 ||   209
       Borgnjor's Vile C |       |       |       |    48 |   123 |    75 ||   246
       Dispel Undead     |       |       |       |     2 |     6 |       ||     8
       Sublimation of Bl |       |       |       |     1 |     8 |     3 ||    12
       Spectral Weapon   |       |       |       |       |    75 |    56 ||   131
       Ozocubu's Armour  |       |       |       |       |       |     3 ||     3
Invok: Receive Necronomi |       |       |       |       |     1 |       ||     1
       Potion Petition   |       |       |       |       |       |     2 ||     2
 Abil: Dig               |     2 |     3 |     8 |    28 |    29 |    21 ||    91
Evoke: Wand              |       |       |       |     2 |     4 |     5 ||    11
  Use: Scroll            |       |     1 |     7 |     6 |     9 |    10 ||    33
       Potion            |       |       |       |     4 |     4 |    10 ||    18
 Stab: Confused          |       |     2 |    11 |    17 |    25 |    15 ||    70
       Distracted        |       |       |       |     1 |     6 |     3 ||    10
       Sleeping          |       |       |       |       |     4 |       ||     4
       Paralysed         |       |       |       |       |       |     6 ||     6
  Eat: Chunk             |     1 |     8 |    14 |    38 |    20 |       ||    81
       Ration            |       |       |       |     2 |    17 |     9 ||    28
Armor: Robe              |     2 |     1 |    16 |    66 |    84 |    48 ||   217
Dodge: Dodged            |    23 |    21 |    54 |   161 |   229 |   145 ||   633
Block: Buckler           |       |     7 |    15 |    57 |    59 |       ||   138
       Shield            |       |       |       |       |    96 |   130 ||   226
       Rpst.: Falchion   |       |       |       |     9 |       |       ||     9
       Scimitar          |       |       |       |     9 |       |       ||     9
